[Event "*** Titled Tuesday 3|2 Blitz"]
[Site "Chess.com"]
[Date "2016.07.05"]
[Round "9"]
[White "Mornar1951"]
[Black "FCChelsea14"]
[Result "1-0"]
[WhiteElo "2493"]
[BlackElo "2402"]
[TimeControl "180+2"]
[EndTime "12:48:22 PDT"]
[Termination "Mornar1951 won by resignation"]

1. b3 d5 2. Bb2 Bg4 3. h3 Bh5 4. d3 Nd7 5. Nd2 e5 6. Ngf3 Bd6 7. c4 c6 8. e3 Ngf6 9. Be2 O-O 10. O-O a5 11. a3 Qe7 12. Nh4 Bg6 13. Qc2 Rfe8 14. Rfe1 Bc5 15. Nxg6 hxg6 16. Bf1 d4 17. exd4 Ba7 18.
dxe5 Nh5 19. d4 Rad8 20. c5 Nf4 21. g3 Ne6 22. Nc4 Ndf8 23. Nd6 Ng5 24. Bg2 Qe6 25. h4 Nh3+ 26. Kh2 1-0

[Event "*** Titled Tuesday 3|2 Blitz"]
[Site "Chess.com"]
[Date "2016.07.05"]
[Round "9"]
[White "Makalexa"]
[Black "twofoxniel"]
[Result "0-1"]
[WhiteElo "2165"]
[BlackElo "2493"]
[TimeControl "180+2"]
[EndTime "12:48:44 PDT"]
[Termination "twofoxniel won by resignation"]

1. e4 d5 2. exd5 Nf6 3. d4 Bg4 4. Nf3 Qxd5 5. Be2 Nc6 6. h3 Bh5 7. c4 Qd7 8. d5 Bxf3 9. Bxf3 Ne5 10. Nd2 e6 11. dxe6 Nxf3+ 12. Nxf3 Bb4+ 13. Bd2 Qxe6+ 14. Qe2 Bxd2+ 15. Nxd2 Qxe2+ 16. Kxe2 O-O-O 17. Rad1 Rhe8+ 18. Kf3 Rd3+ 19. Kf4 Red8 0-1

[Event "*** Titled Tuesday 3|2 Blitz"]
[Site "Chess.com"]
[Date "2016.07.05"]
[Round "9"]
[White "Keaton87"]
[Black "amaidel"]
[Result "0-1"]
[WhiteElo "2478"]
[BlackElo "2443"]
[TimeControl "180+2"]
[EndTime "12:49:02 PDT"]
[Termination "amaidel won by resignation"]

1. e4 e5 2. Nf3 Nf6 3. Nxe5 d6 4. Nxf7 Kxf7 5. d4 c5 6. Bc4+ Be6 7. Bxe6+ Kxe6 8.
O-O cxd4 9. Qxd4 Nc6 10. Qc4+ Kd7 11. Nc3 Rc8 12. Bf4 Kc7 13. Rad1 Kb8 14. Nb5 Qb6 15.
Nxd6 Bxd6 16. Rxd6 Ka8 17. b3 Rhe8 18. Re1 Qb4 19.
Qxb4 Nxb4 20. c4 Nxe4 21. Rdd1 Nc3 22. Be3 Nxd1 23. Rxd1 Rcd8 24. Ra1 Nc2 0-1

[Event "*** Titled Tuesday 3|2 Blitz"]
[Site "Chess.com"]
[Date "2016.07.05"]
[Round "9"]
[White "CraiggoryC"]
[Black "Ginger_GM"]
[Result "1-0"]
[WhiteElo "2096"]
[BlackElo "2464"]
[TimeControl "180+2"]
[EndTime "12:49:17 PDT"]
[Termination "CraiggoryC won by resignation"]

1. e4 d5 2. d4 e5 3. dxe5 Bc5 4. Qxd5 Qe7 5. Nf3 Be6 6. Qxb7 Nh6 7. Bxh6 gxh6 8. Qxa8 O-O 9. Bd3 Bb6 10. Nc3 Qc5 11. O-O Nc6 12. Qb7 Nxe5 13. Nxe5 Qxe5 14. Qc6 Kh8 15.
Qb5 Qf4 16. Ne2 Qh4 17. Qe5+ 1-0

[Event "*** Titled Tuesday 3|2 Blitz"]
[Site "Chess.com"]
[Date "2016.07.05"]
[Round "9"]
[White "oggy1984"]
[Black "Semetey"]
[Result "0-1"]
[WhiteElo "2296"]
[BlackElo "2447"]
[TimeControl "180+2"]
[EndTime "12:49:19 PDT"]
[Termination "Semetey won by checkmate"]

1. e4 c5 2. Nf3 e6 3. c4 a6 4. Nc3 Nc6 5. Be2 Qc7 6. O-O Nf6 7. d4 cxd4 8. Nxd4 Bd6 9. g3 Nxd4 10.
Qxd4 b6 11. Rd1 Be5 12. Qd3 Bb7 13. Bg5 h5 14. f4 Bxc3 15. Qxc3 Qc5+ 16. Kf1 Nxe4 17.
Qxg7 Qf2# 0-1

[Event "*** Titled Tuesday 3|2 Blitz"]
[Site "Chess.com"]
[Date "2016.07.05"]
[Round "9"]
[White "BellJackson95"]
[Black "Saitama_Hero"]
[Result "1-0"]
[WhiteElo "2175"]
[BlackElo "2096"]
[TimeControl "180+2"]
[EndTime "12:49:43 PDT"]
[Termination "BellJackson95 won by resignation"]

1. d4 Nf6 2. Nc3 d5 3. Bf4 e6 4. e3 Bb4 5. Ne2 c5 6. a3 Bxc3+ 7. Nxc3 cxd4 8. exd4 O-O 9. Bd3 Nc6 10. O-O h6 11.
Be5 Nxe5 12. dxe5 Nd7 13. Re1 b6 14. f4 Nc5 15. f5 Bb7 16. f6 g6 17. Qd2 Kh7 18. Re3 d4 19. Rh3 1-0

[Event "*** Titled Tuesday 3|2 Blitz"]
[Site "Chess.com"]
[Date "2016.07.05"]
[Round "9"]
[White "macko06"]
[Black "cabalista"]
[Result "0-1"]
[WhiteElo "2249"]
[BlackElo "2432"]
[TimeControl "180+2"]
[EndTime "12:50:06 PDT"]
[Termination "cabalista won by resignation"]

1. d4 Nf6 2. c4 g6 3. Nc3 Bg7 4. e4 d6 5. Nf3 O-O 6. Be2 Nbd7 7. Be3 e5 8. d5 a5 9. Nd2 Ne8 10. O-O Bf6 11. f3 Bg5 12. Bf2 f5 13. a3 Ndf6 14. b3 Nh5 15. Qc2 Nf4 16. b4 Bh6 17. c5 Qg5 18. Bg3 Nxe2+ 19. Nxe2 Qxd2 20. Qxd2 Bxd2 21. cxd6 cxd6 22. Rfd1 Be3+ 23. Kh1 fxe4 24. fxe4 Bg4 25. Rd3 Bb6 26. bxa5 Bxe2 27. Rd2 Bd4 0-1

[Event "*** Titled Tuesday 3|2 Blitz"]
[Site "Chess.com"]
[Date "2016.07.05"]
[Round "9"]
[White "Masterbeaterr"]
[Black "Quiet_Desperation"]
[Result "1-0"]
[WhiteElo "2257"]
[BlackElo "2170"]
[TimeControl "180+2"]
[EndTime "12:50:19 PDT"]
[Termination "Masterbeaterr won by resignation"]

1. c4 e5 2. Nc3 Nc6 3. e3 f5 4. b3 d6 5. Bb2 Nf6 6. g3 Be7 7. Bg2 O-O 8. Nge2 a5 9. a3 e4 10. d3 exd3 11. Qxd3 Ne5 12. Qd2 Rb8 13. O-O Bd7 14.
e4 Bc6 15. Nd4 fxe4 16. Nxc6 bxc6 17. Qc2 d5 18. Rad1 Qd7 19. Nxe4 Nxe4 20. Bxe4 Nf3+ 21.
Kg2 Ng5 22. cxd5 Qh3+ 23. Kg1 Bc5 24. Bd4 Bxa3 25. dxc6 Rbe8 26. Bd5+ Kh8 27. Rfe1 Qh5 28. Bg2 Nf3+ 29. Bxf3 Qxf3 30. Qc3 Qxc3 31. Bxc3 Bc5 32. Rxe8 Rxe8 33. Rd7 1-0

[Event "*** Titled Tuesday 3|2 Blitz"]
[Site "Chess.com"]
[Date "2016.07.05"]
[Round "9"]
[White "FLchessplayer"]
[Black "FearlessKing64"]
[Result "0-1"]
[WhiteElo "2029"]
[BlackElo "2117"]
[TimeControl "180+2"]
[EndTime "12:50:42 PDT"]
[Termination "FearlessKing64 won by resignation"]

1. e4 c5 2. Nf3 d6 3. c3 Nf6 4. Bd3 e6 5. O-O Be7 6. Re1 O-O 7. h3 Nc6 8. Bc2 b6 9. d3 Bb7 10. Nbd2 Rc8 11. Nf1 Qd7 12. Ng3 b5 13. Qe2 b4 14.
Bd2 a5 15. a3 Ba6 16. axb4 cxb4 17. Bb3 Ne5 18. Nxe5 dxe5 19. c4 Rfd8 20. Bc2 Bxc4 21. dxc4 Qxd2 22. Qxd2 Rxd2 23. Ba4 Rxc4 24. Bb5 Rc5 25.
Rxa5 Bd8 26. Rea1 Bxa5 27. Rxa5 h6 28. b3 Rc1+ 29. Kh2 Rxf2 30. Ra8+ Kh7 31. Nh1 Rb2 32. Bc4 Rcc2 0-1

[Event "*** Titled Tuesday 3|2 Blitz"]
[Site "Chess.com"]
[Date "2016.07.05"]
[Round "9"]
[White "oskariot"]
[Black "ilya261991"]
[Result "0-1"]
[WhiteElo "2275"]
[BlackElo "2463"]
[TimeControl "180+2"]
[EndTime "12:50:55 PDT"]
[Termination "ilya261991 won by resignation"]

1. e4 c5 2. Nf3 d6 3. d4 Nf6 4.
Nc3 cxd4 5. Nxd4 a6 6. Nb3 g6 7. Be2 Bg7 8. g4 h6 9. h4 Nc6 10. Be3 Ne5 11. f3 Be6 12. Nd4 Rc8 13. Nxe6 fxe6 14.
Qd2 Nfd7 15. O-O-O Nc4 16. Bxc4 Rxc4 17. Ne2 Ne5 18.
Rhf1 Ra4 19. Nd4 Nc4 20. Qd3 Qb6 21. b3 Nxe3 22. bxa4 Nxf1 23. a5 Qxd4 24. Qxd4 Bxd4 25. Rxd4 0-1

[Event "*** Titled Tuesday 3|2 Blitz"]
[Site "Chess.com"]
[Date "2016.07.05"]
[Round "9"]
[White "saraswathii"]
[Black "AdamHunt1"]
[Result "0-1"]
[WhiteElo "2033"]
[BlackElo "2395"]
[TimeControl "180+2"]
[EndTime "12:51:04 PDT"]
[Termination "AdamHunt1 won by resignation"]

1. e4 c5 2. Nf3 e6 3. d3 g6 4.
g3 Bg7 5. Bg2 Nc6 6. O-O Nge7 7.
c3 d5 8. Qe2 O-O 9. e5 d4 10.
h4 Qc7 11. Re1 b6 12. c4 Bb7 13. Bf4 a6 14. Nbd2 Nb4 15. Nf1 b5 16. a3 Nbc6 17. b3 Na5 18. Rab1 bxc4 19. bxc4 Bc6 20. N1h2 h5 21. g4 hxg4 22. Nxg4 Nf5 23. h5 gxh5 24.
Nf6+ Bxf6 25. exf6 Qxf4 26. Ne5 Bxg2 27. Kxg2 Ne3+ 28. fxe3 Qxe5 29. Kh1 Kh7 30. Qf3 dxe3 31. Rxe3 Qf5 32. Qe2 Rg8 33. Rf1 Qg4 34. Qh2 Rg5 35. Re4 Qg3 0-1

[Event "*** Titled Tuesday 3|2 Blitz"]
[Site "Chess.com"]
[Date "2016.07.05"]
[Round "9"]
[White "dretch"]
[Black "Zhani-Z"]
[Result "1-0"]
[WhiteElo "2623"]
[BlackElo "2280"]
[TimeControl "180+2"]
[EndTime "12:51:21 PDT"]
[Termination "dretch won by resignation"]

1. d4 Nf6 2. c4 e6 3. Nc3 Bb4 4. Qc2 O-O 5. a3 Bxc3+ 6. Qxc3 d6 7. Bg5 Qe7 8. e3 e5 9. Nf3 Re8 10. Be2 Nbd7 11. Qc2 h6 12. Bh4 Nf8 13. O-O Ng6 14.
Bg3 Nh5 15. Rac1 Nxg3 16. hxg3 e4 17. Nd2 c5 18. Qc3 Bf5 19. Rfd1 Rac8 20. g4 Bd7 21. Nf1 Qg5 22. dxc5 Rxc5 23. b4 Rce5 24. Nh2 R5e6 25. c5 Ne5 26. cxd6 Rg6 27. g3 Bc6 28. b5 Bd7 29.
Qc7 Ree6 30. Qxb7 Kh7 31. Qxe4 1-0

[Event "*** Titled Tuesday 3|2 Blitz"]
[Site "Chess.com"]
[Date "2016.07.05"]
[Round "9"]
[White "Journey_to_GrandMaster_YT"]
[Black "GeorgMeier"]
[Result "1-0"]
[WhiteElo "2435"]
[BlackElo "2647"]
[TimeControl "180+2"]
[EndTime "12:51:54 PDT"]
[Termination "Journey_to_GrandMaster_YT won on time"]

1. d4 e6 2. Nf3 d5 3. e3 Nf6 4. Bd3 c5 5. b3 Nc6 6. Bb2 Bd6 7. O-O O-O 8. a3 Qe7 9. Ne5 Bd7 10. Nd2 Rfc8 11. Rc1 cxd4 12. exd4 Bxa3 13. Bxa3 Qxa3 14. Nxd7 Nxd7 15. Qg4 Nf6 16. Qh4 Nb4 17. Qh3 Qb2 18. Qe3 1-0

[Event "*** Titled Tuesday 3|2 Blitz"]
[Site "Chess.com"]
[Date "2016.07.05"]
[Round "9"]
[White "LyonBeast"]
[Black "EltajSafarli"]
[Result "1/2-1/2"]
[WhiteElo "2748"]
[BlackElo "2791"]
[TimeControl "180+2"]
[EndTime "12:52:06 PDT"]
[Termination "Game drawn by agreement"]

1. e4 e5 2. Nf3 Nc6 3. Bb5 Nf6 4. O-O Nxe4 5. d4 Nd6 6. Bxc6 dxc6 7. dxe5 Nf5 8.
Qxd8+ Kxd8 9. h3 Be6 10. Nc3 Ke8 11. g4 Ne7 12. Nd4 Bd7 13. f4 Nd5 14. f5 Nxc3 15. bxc3 c5 16. Nf3 h5 17. Bg5 Be7 18. e6 fxe6 19.
Bxe7 Kxe7 20. Ne5 hxg4 21. Ng6+ Kf6 22. Nxh8 exf5 23. hxg4 Rxh8 24. Rad1 Be6 25. gxf5 Bxf5 26. Rd7 Rh3 27. Rxc7 Rxc3 28. Rf2 b5 29. Rxa7 g6 30.
a4 bxa4 31. Rxa4 Rxc2 32. Rxc2 Bxc2 33. Rc4 Bf5 34. Rxc5 Kg5 35. Kf2 Kf4 36. Rc4+ Be4 1/2-1/2

[Event "*** Titled Tuesday 3|2 Blitz"]
[Site "Chess.com"]
[Date "2016.07.05"]
[Round "9"]
[White "Gabrielian_Artur"]
[Black "Sanan_Sjugirov"]
[Result "1-0"]
[WhiteElo "2534"]
[BlackElo "2657"]
[TimeControl "180+2"]
[EndTime "12:52:26 PDT"]
[Termination "Gabrielian_Artur won by resignation"]

1. e4 e5 2. Nf3 Nc6 3. Bc4 Bc5 4. d3 Nf6 5. O-O a6 6. c3 d6 7.
a4 Ba7 8. Bg5 h6 9. Bh4 g5 10. Bg3 Qe7 11. b4 Bg4 12. Nbd2 Nh5 13. Kh1 Nf4 14. Bxf4 gxf4 15. b5 Nd8 16. bxa6 bxa6 17.
Bxa6 O-O 18. Bc4 Ne6 19. h3 Bh5 20. a5 Kh8 21. Bd5 Rab8 22. Rb1 Ng5 23. Rxb8 Rxb8 24. a6 Qd7 25. Nxe5 dxe5 26. Qxh5 Kg7 27. Nf3 f6 28. Nh4 Rh8 29. Qg6+ Kf8 30. Qxf6+ 1-0

[Event "*** Titled Tuesday 3|2 Blitz"]
[Site "Chess.com"]
[Date "2016.07.05"]
[Round "9"]
[White "mwpchess"]
[Black "fireheart92"]
[Result "0-1"]
[WhiteElo "2442"]
[BlackElo "2168"]
[TimeControl "180+2"]
[EndTime "12:52:26 PDT"]
[Termination "fireheart92 won on time"]

1. e4 e5 2. Nf3 Nc6 3. Bb5 a6 4.
Ba4 Nf6 5. O-O Nxe4 6. d4 exd4 7.
Re1 d5 8. Nxd4 Bd6 9. Nxc6 Bxh2+ 10. Kh1 Qh4 11. Rxe4+ dxe4 12. Qd8+ Qxd8 13. Nxd8+ Kxd8 14. Kxh2 Be6 15. Be3 h6 16. Bb3 Bxb3 17. axb3 f5 18. Ra5 b5 19. c4 c6 20. cxb5 cxb5 21.
Nc3 Kc7 22. Nd5+ Kb7 23. Ra1 g5 24. b4 Rhd8 25. Nc3 Rac8 26. Bc5 Rd2 27. Rd1 Rcd8 28.
Rxd2 Rxd2 29. g4 fxg4 30. Nxe4 Rxb2 31. Nf6 Kc6 32. Nxg4 a5 33. Nxh6 a4 34. Nf5 a3 35.
Nd4+ Kd7 36. Nxb5 a2 37. Bd4 a1=Q 38. Bxb2 Qxb2 0-1

[Event "*** Titled Tuesday 3|2 Blitz"]
[Site "Chess.com"]
[Date "2016.07.05"]
[Round "9"]
[White "mortalbovine"]
[Black "hypert"]
[Result "0-1"]
[WhiteElo "1757"]
[BlackElo "2286"]
[TimeControl "180+2"]
[EndTime "12:52:33 PDT"]
[Termination "hypert won by checkmate"]

1. d4 Nf6 2. c4 e6 3. Nc3 Bb4 4. Bd2 d5 5. cxd5 exd5 6. a3 Bxc3 7. Bxc3 Ne4 8. e3 Nxc3 9. bxc3 O-O 10. Bd3 c5 11.
Ne2 Qg5 12. Ng3 Nd7 13. O-O Nf6 14. h3 h5 15. Qf3 Be6 16. Ne2 Rac8 17. Rab1 b6 18.
Rfc1 Rfd8 19. Qf4 Qxf4 20. Nxf4 h4 21. Nxe6 fxe6 22. Ba6 Rc7 23. Rb5 Ne4 24. f3 Nd6 25. Rbb1 Rdd7 26. Bb5 Nxb5 27. Rxb5 cxd4 28. exd4 Rc4 29.
Rb4 Rdc7 30. Kf2 Rxc3 31. Rxc3 Rxc3 32. Ra4 a5 33. Ke2 Kf7 34. Kd2 Rb3 35. Kc2 Re3 36. Kd2 Rb3 37. Kc2 Rb5 38. Kd2 Rb2+ 39. Ke3 Rxg2 40.
Kf4 Kf6 41. Ke3 Kf5 42. f4 Rg3+ 43. Kf2 Rxh3 44. Kg2 Rg3+ 45. Kh2 Kxf4 46. Rb4 axb4 47. axb4 Rb3 48. b5 Kg4 49. Kg2 Rb2+ 50. Kh1 Kg3 51.
Kg1 Rb1# 0-1

[Event "*** Titled Tuesday 3|2 Blitz"]
[Site "Chess.com"]
[Date "2016.07.05"]
[Round "9"]
[White "eltenedor"]
[Black "Hieronymus00"]
[Result "0-1"]
[WhiteElo "2021"]
[BlackElo "2156"]
[TimeControl "180+2"]
[EndTime "12:52:45 PDT"]
[Termination "Hieronymus00 won by resignation"]

1. c4 g6 2. g3 Bg7 3. Bg2 d6 4.
Nc3 e5 5. e3 f5 6. Nge2 Nf6 7.
O-O O-O 8. d3 Kh8 9. Rb1 c6 10. f4 Be6 11. b3 Nbd7 12. Ba3 Qe7 13. Qd2 Rad8 14. fxe5 Nxe5 15. d4 Neg4 16. h3 Nh6 17. d5 cxd5 18. cxd5 Bg8 19. Nf4 Rfe8 20.
Rfe1 a6 21. Rbc1 Nh5 22. Nxh5 gxh5 23. e4 Qf6 24. Bb2 fxe4 25. Rxe4 Nf5 26. Rf4 Qe5 27.
g4 hxg4 28. hxg4 Ne3 29. Nd1 Qxf4 30. Nxe3 Qxe3+ 0-1

[Event "*** Titled Tuesday 3|2 Blitz"]
[Site "Chess.com"]
[Date "2016.07.05"]
[Round "9"]
[White "Andrejkin"]
[Black "wnstop"]
[Result "0-1"]
[WhiteElo "2155"]
[BlackElo "2376"]
[TimeControl "180+2"]
[EndTime "12:52:47 PDT"]
[Termination "wnstop won by checkmate"]

1. e4 c5 2. Nf3 e6 3. Nc3 Nc6 4.
Bb5 Nge7 5. d4 cxd4 6. Nxd4 Qc7 7. Nxc6 bxc6 8. Be2 Ng6 9. g3 d5 10. exd5 cxd5 11.
Bh5 Bb4 12. Qd4 Qe5+ 13. Qxe5 Nxe5 14. Bd2 Bb7 15. O-O Rc8 16. a3 Bc5 17. Na4 Bd6 18. Nc3 d4 19. Nb5 Bc5 20. b4 Be7 21. Nxa7 Rxc2 22.
Bf4 Nf3+ 23. Bxf3 Bxf3 24. Rfc1 d3 25. Rxc2 dxc2 26. Rc1 Bd1 27. b5 Bxa3 28. b6 O-O 29. Nc6 Bxc1 30. Bxc1 Bf3 31. Nd4 Rd8 32. Be3 Rxd4 33.
b7 Rd1# 0-1

[Event "*** Titled Tuesday 3|2 Blitz"]
[Site "Chess.com"]
[Date "2016.07.05"]
[Round "9"]
[White "ftorodent"]
[Black "viditchess"]
[Result "1-0"]
[WhiteElo "2414"]
[BlackElo "2480"]
[TimeControl "180+2"]
[EndTime "12:52:59 PDT"]
[Termination "ftorodent won by resignation"]

1. d4 Nf6 2. c4 e6 3. Nf3 d5 4.
Nc3 Bb4 5. Bg5 dxc4 6. e4 c5 7. dxc5 Qxd1+ 8. Rxd1 Nbd7 9. Bd2 Nxc5 10. Bxc4 O-O 11.
e5 Nfd7 12. a3 Bxc3 13. Bxc3 Nb6 14. Ba2 Bd7 15. O-O Bb5 16. Rfe1 Nba4 17. Bb4 Rfc8 18. Nd4 Be8 19. Re2 a5 20. Be1 Rd8 21. Rc2 Nd7 22.
f4 Rdc8 23. Rdc1 Rxc2 24. Rxc2 Nac5 25. Nb5 Ne4 26. Rc4 Ndc5 27. Nc7 Rc8 28. Nxe8 Rxe8 29. b4 axb4 30. axb4 b5 31. Rd4 1-0

[Event "*** Titled Tuesday 3|2 Blitz"]
[Site "Chess.com"]
[Date "2016.07.05"]
[Round "9"]
[White "Alexander_Donchenko"]
[Black "LaStreetCmaMaison"]
[Result "0-1"]
[WhiteElo "2585"]
[BlackElo "2463"]
[TimeControl "180+2"]
[EndTime "12:53:01 PDT"]
[Termination "LaStreetCmaMaison won by checkmate"]

1. d4 Nf6 2. c4 b6 3. f3 Nc6 4. Nc3 e5 5. d5 Ne7 6. e3 Ng6 7. Bd3 Bc5 8. Nge2 O-O 9. a3 a5 10. Qc2 c6 11. Na4 Be7 12. e4 b5 13.
cxb5 cxd5 14. exd5 Bb7 15. O-O Bxd5 16. Be3 Rb8 17.
b6 Bc6 18. Bf2 Qe8 19. Rfc1 Bd8 20. Nec3 Nf4 21. Bb5 d5 22. Bxc6 Qxc6 23. Bc5 Re8 24. b4 d4 25. b5 Qd7 26. Ne4 Nxe4 27. fxe4 d3 28. Qc4 Ne2+ 29. Kh1 Nxc1 30. Rxc1 d2 31. Rd1 Bg5 32. Nc3 Rec8 33. Nd5 Qg4 34. Nc3 Be7 35. Rf1 Bxc5 36. Qxf7+ Kh8 37. b7 Rf8 38. Qc4 Rxf1+ 39.
Qxf1 Rf8 40. Qd3 Qf4 41. h3 Qf2 42. Kh2 Qg1+ 43. Kg3 Bf2+ 44. Kg4 Qxg2+ 45. Kh5 Qg6# 0-1

[Event "*** Titled Tuesday 3|2 Blitz"]
[Site "Chess.com"]
[Date "2016.07.05"]
[Round "9"]
[White "ChessNinja48"]
[Black "SavelijTartakover"]
[Result "0-1"]
[WhiteElo "2325"]
[BlackElo "2519"]
[TimeControl "180+2"]
[EndTime "12:53:01 PDT"]
[Termination "SavelijTartakover won by resignation"]

1. d4 Nf6 2. Nf3 g6 3. c4 Bg7 4. Nc3 O-O 5. e4 d6 6. Be2 e5 7. d5 a5 8. Bg5 Na6 9. Nd2 Bd7 10. O-O h6 11. Be3 Qe8 12. b3 Nh7 13. a3 f5 14. f3 f4 15. Bf2 g5 16. b4 axb4 17.
axb4 Nxb4 18. Qb3 c5 19. dxc6 Nxc6 20. Qxb7 Rxa1 21. Rxa1 Kh8 22. Qc7 Nd4 23. Qxd6 Nf6 24.
Ra5 Nc6 25. Ra6 g4 26. Nd5 Nxd5 27. cxd5 Nd4 28. Bd1 Bb5 29. Ra7 Be2 30. Bxd4 exd4 31. Bxe2 d3 32. Rxg7 Kxg7 33. Bxd3 Qa4 34. Qc7+ Rf7 35.
Qc3+ Kg8 36. Qc8+ Kg7 37. Qc3+ Kg8 38. Nf1 gxf3 39. gxf3 Rg7+ 40. Kh1 Qd1 41. Qd2 Qxf3+ 0-1

[Event "*** Titled Tuesday 3|2 Blitz"]
[Site "Chess.com"]
[Date "2016.07.05"]
[Round "9"]
[White "rithwik2002"]
[Black "Matibar"]
[Result "1/2-1/2"]
[WhiteElo "1934"]
[BlackElo "2549"]
[TimeControl "180+2"]
[EndTime "12:53:05 PDT"]
[Termination "Game drawn by agreement"]

1. d4 e6 2. e4 d5 3. Nc3 Bb4 4. exd5 exd5 5. Bd3 Nc6 6. Ne2 Nf6 7. O-O O-O 8. Ng3 Nxd4 9. Bxh7+ Nxh7 10. Qxd4 Bxc3 11. Qxc3 c6 12. Be3 Qf6 13. Bd4 Qh6 14. Rae1 Be6 15. f4 Rfe8 16. f5 Bd7 17. Rxe8+ Rxe8 18. Bxa7 Ng5 19.
Bd4 f6 20. Re1 Rxe1+ 21. Qxe1 Qh4 22. Bf2 Qf4 23. Qe7 Bxf5 24. h4 Nh7 25. Nxf5 Qxf5 26. Qe8+ Nf8 27. Bc5 Qxc2 28. Bxf8 Qc1+ 29. Kh2 Qf4+ 30.
Kh3 Qf5+ 31. Kg3 Qd3+ 32. Kh2 Qc4 33. Bd6+ Kh7 34. Qh5+ Kg8 35. g3 Qxa2 36. Qe2 Qb1 37. g4 Kh7 38. h5 Qc1 39. Qd3+ Kg8 40. b4 Qe1 41. Bc5 Qh4+ 42. Qh3 Qe1 43. Qg3 Qe2+ 44. Kh3 Qf1+ 45. Qg2 Qf4 46. Qe2 Kh7 47. Qd3+ Kg8 48. Qe3 Qf1+ 49. Kh4 Kh7 50. Kg3 1/2-1/2

[Event "*** Titled Tuesday 3|2 Blitz"]
[Site "Chess.com"]
[Date "2016.07.05"]
[Round "9"]
[White "daro94"]
[Black "Fandorine"]
[Result "1-0"]
[WhiteElo "2646"]
[BlackElo "2636"]
[TimeControl "180+2"]
[EndTime "12:53:11 PDT"]
[Termination "daro94 won by resignation"]

1. d4 Nf6 2. Nf3 b6 3. e3 Bb7 4.
Bd3 g6 5. O-O Bg7 6. c4 O-O 7.
Nc3 d5 8. cxd5 Nxd5 9. Nxd5 Qxd5 10. Qe2 c5 11. e4 Qd7 12. dxc5 bxc5 13. Be3 c4 14.
Bxc4 Bxe4 15. Ng5 Bd5 16. Rad1 Bxc4 17. Qxc4 Qc6 18. Qb4 h6 19. Nf3 e5 20. Rd6 a5 21.
Qd2 Qc7 22. Rc1 Qe7 23. Bc5 Qe8 24. Rd5 Nd7 25. Rxd7 e4 26. Bxf8 Bxf8 27. Ne1 Bb4 28. Qd5 e3 29. Nf3 e2 30. g3 Rb8 31. Kg2 g5 32. h3 Bf8 33. Rcc7 Qe6 34. Qxe6 fxe6 35. Rc2 1-0

[Event "*** Titled Tuesday 3|2 Blitz"]
[Site "Chess.com"]
[Date "2016.07.05"]
[Round "9"]
[White "simplerXiao"]
[Black "StoreySniper"]
[Result "0-1"]
[WhiteElo "2326"]
[BlackElo "2351"]
[TimeControl "180+2"]
[EndTime "12:53:12 PDT"]
[Termination "StoreySniper won by checkmate"]

1. Nc3 g6 2. e4 Bg7 3. d4 c5 4. d5 Bxc3+ 5. bxc3 Qa5 6. Qd3 Nf6 7. Bd2 b5 8. e5 c4 9. Qd4 Nh5 10. g4 Ng7 11. e6 f6 12. exd7+ Nxd7 13. Bg2 Bb7 14. Ne2 Ne5 15. O-O Rd8 16. h3 h5 17. f4 Nxg4 18.
hxg4 hxg4 19. Ng3 Qb6 20. Be3 Qxd4 21. Bxd4 Bxd5 22. a4 Bxg2 23. Kxg2 a6 24. axb5 axb5 25. Ra7 Kf7 26. f5 gxf5 27. Nxf5 Nxf5 28. Rxf5 Kg6 29.
Rxb5 e5 30. Be3 Rh3 31. Kf2 Rf3+ 32. Ke2 Rh8 33. Bc5 Rh2+ 34. Ke1 Rxc2 35. Bb4 Re3+ 36. Kd1 Rh2 37. Ra8 Rg3 38. Bc5 Rgg2 39. Rg8+ Kf5 40. Bd4 Rh1+ 41. Bg1 Rhxg1# 0-1

[Event "*** Titled Tuesday 3|2 Blitz"]
[Site "Chess.com"]
[Date "2016.07.05"]
[Round "9"]
[White "OparinGrigoriy"]
[Black "E-Shaposhnikov"]
[Result "0-1"]
[WhiteElo "2640"]
[BlackElo "2674"]
[TimeControl "180+2"]
[EndTime "12:53:33 PDT"]
[Termination "E-Shaposhnikov won by resignation"]

1. e4 c5 2. Nf3 e6 3. d4 cxd4 4. Nxd4 a6 5. c4 Nf6 6. Nc3 Bb4 7. Qd3 d6 8. Nc2 Ba5 9. Be2 Nc6 10. O-O Ne5 11. Qg3 O-O 12. b4 Bc7 13. f4 Ng6 14. Be3 b6 15. Rad1 Bb7 16. Bf3 Qb8 17. h4 h6 18. Nd4 Re8 19. h5 Ne7 20. b5 Kh8 21. a4 e5 22. Nde2 axb5 23. cxb5 d5 24. exd5 Nf5 25.
Qf2 e4 26. Bxb6 exf3 27. Bxc7 Qxc7 28. Qxf3 Re3 29. Qf2 Ng4 30. Qe1 Qb6 31. Kh1 Rae8 32. d6 Ng3+ 33. Qxg3 Rxg3 34. Nxg3 Re3 35. d7 Qd8 36.
Nf5 Rxc3 37. Rfe1 Kh7 38. Re8 Qxd7 0-1

[Event "*** Titled Tuesday 3|2 Blitz"]
[Site "Chess.com"]
[Date "2016.07.05"]
[Round "9"]
[White "Frolyanov_D"]
[Black "bilelou"]
[Result "1-0"]
[WhiteElo "2468"]
[BlackElo "2274"]
[TimeControl "180+2"]
[EndTime "12:54:09 PDT"]
[Termination "Frolyanov_D won by checkmate"]

1. e4 c5 2. Nf3 d6 3. d4 cxd4 4. Nxd4 Nf6 5. Nc3 a6 6. Be3 e5 7.
Nf3 Qc7 8. a4 Be7 9. Be2 O-O 10.
O-O b6 11. Qd3 Bb7 12. Nh4 g6 13. Bh6 Rc8 14. Nf5 Nc6 15. Nxe7+ Qxe7 16. Bg5 Nd4 17. f4 Ne6 18. fxe5 Nxg5 19. exf6 Qe5 20. Bg4 Rc5 21.
Rae1 Re8 22. Qd2 h5 23. Rf5 hxg4 24. Rxe5 Rcxe5 25. Qxd6 R5e6 26. Qd2 Re5 27. Rf1 Kh7 28. Qf2 Ne6 29. Qh4+ Kg8 30. Qxg4 b5 31. axb5 axb5 32. Qg3 Rg5 33. Qh3 b4 34. Nd5 Bxd5 35. exd5 Rxd5 36.
Re1 Rf5 37. Qh4 Rc8 38. Qxb4 Rxc2 39. Qe7 Rff2 40. Rxe6 Rxg2+ 41. Kf1 fxe6 42. Qg7# 1-0

[Event "*** Titled Tuesday 3|2 Blitz"]
[Site "Chess.com"]
[Date "2016.07.05"]
[Round "9"]
[White "popov_m"]
[Black "Aragon"]
[Result "1-0"]
[WhiteElo "2205"]
[BlackElo "2106"]
[TimeControl "180+2"]
[EndTime "12:54:16 PDT"]
[Termination "popov_m won by checkmate"]

1. c4 e6 2. g3 f5 3. Bg2 Nf6 4.
Nf3 Be7 5. O-O O-O 6. d3 d6 7. Nc3 e5 8. b4 a5 9. bxa5 Rxa5 10. a4 h6 11. Nd5 Nxd5 12. cxd5 Kh8 13. Qb3 Na6 14. d4 e4 15. Ne1 Bf6 16. e3 Bd7 17. Bd2 Nc5 18. dxc5 Rxc5 19. Rc1 Rxc1 20. Bxc1 b6 21. Bb2 Qa8 22. Bxf6 Rxf6 23. Nc2 Bxa4 24. Qb2 Qxd5 25. Nd4 c5 26. Ne2 b5 27. Ra1 Qc4 28. Nf4 Qc2 29. Qxc2 Bxc2 30. Ra8+ Kh7 31. Bf1 b4 32.
Bc4 h5 33. Nxh5 Rg6 34. Nf4 Rf6 35. h4 Bd3 36. Bg8+ Kh6 37. Rb8 d5 38. Bxd5 Rd6 39.
Rh8# 1-0

[Event "*** Titled Tuesday 3|2 Blitz"]
[Site "Chess.com"]
[Date "2016.07.05"]
[Round "9"]
[White "FairChess_on_YouTube"]
[Black "Hikaru"]
[Result "0-1"]
[WhiteElo "2727"]
[BlackElo "2999"]
[TimeControl "180+2"]
[EndTime "12:54:19 PDT"]
[Termination "Hikaru won by resignation"]

1. d4 Nf6 2. c4 e6 3. Nf3 d5 4.
g3 Be7 5. Bg2 O-O 6. O-O dxc4 7.
Qa4 a6 8. Qxc4 b5 9. Qc2 Bb7 10. Bd2 Be4 11. Qc1 c6 12. Rd1 Nbd7 13. Nc3 Bg6 14. Nh4 Bh5 15. Nf3 Bg6 16. Bf4 Rc8 17.
Ne5 Qb6 18. a4 Nxe5 19. Bxe5 Ng4 20. Bf4 c5 21. d5 c4 22. e3 e5 23. d6 Bxd6 24.
Bg5 f6 25. axb5 axb5 26. Bh4 Bc5 27. Nd5 Qb8 28. Ra6 Kh8 29. h3 Nh6 30. Nxf6 gxf6 31. Bxf6+ Rxf6 32. Rxf6 Bf8 33. Qd2 Bd3 34. Qa5 b4 35.
Ra1 Ng8 36. Ra6 c3 37. Ra8 Qxa8 38. Bxa8 cxb2 39. Kh2 Rc1 40. Qxe5+ Bg7 41. Qe8 bxa1=Q 42. Bd5 Rh1+ 43. Bxh1 Qb2 44. Qf7 Qf6 0-1